AoeStats
← a.l.a.n.t

Arena

508717587Analyzed
4v4 RM · 9d ago on Sep 23, 2026· 34m 2s· 8 players
Game mode
Random Map
Map size
Large (8 player)
Population
200
Speed
Normal
Resources
Standard
Victory
Conquest
Starting age
Dark Age
Ending age
Imperial Age
RankedLock teamsTeams togetherTeam positionsShared explorationLock speedFull tech treeHidden civsTurbo modeCheats
Victory
Defeat
🇩🇪 Vietnamese · Germany
2128
+1
🇩🇪 Bulgarians · Germany
2084
+1
🇩🇪 Khitans · Germany
2058
+1
🇩🇪 Danes · Germany
1890
+2
🇲🇩 Chinese · Moldova
1571
-2
🇫🇷 Gurjaras · France
1536
-1
🇬🇧 Armenians · United Kingdom
1373
-1
🇮🇳 Slavs · India
1352
-1
LM | Mango
10:43 Feudal Age
14:39 Castle Age
12:31 Double-Bit Axe
12:53 Scale Barding Armor
12:58 Forging
12:51 Scale Mail Armor
12:46 Horse Collar
15:49 Bow Saw
15:44 Squires
15:30 Arson
16:01 Chain Mail Armor
16:21 Iron Casting
17:56 Iron Casting
18:51 Wheelbarrow
20:26 Hamask
34:04 Imperial Age
NOC | Acro17
12:09 Feudal Age
13:41 Double-Bit Axe
13:37 Horse Collar
16:34 Castle Age
17:37 Bow Saw
17:46 Heavy Plow
19:46 Wheelbarrow
23:52 Hand Cart
24:11 Loom
24:21 Gold Mining
24:22 Stone Mining
25:16 Coinage
25:29 Town Watch
29:28 Imperial Age
28:38 Gold Shaft Mining
28:38 Stone Shaft Mining
29:42 Fletching
30:14 Ballistics
30:31 Bodkin Arrow
32:05 Banking
31:48 Bracer
32:49 Chemistry
32:02 Masonry
33:07 Padded Archer Armor
33:30 Siege Engineers
33:36 Careening
NOC | Nervkeks
10:42 Feudal Age
14:27 Castle Age
12:25 Double-Bit Axe
12:22 Horse Collar
15:31 Bow Saw
15:26 Heavy Plow
20:46 Wheelbarrow
23:13 Hand Cart
23:22 Loom
23:22 Town Watch
28:10 Imperial Age
25:37 Fletching
25:41 Gold Mining
26:35 Bodkin Arrow
26:41 Padded Archer Armor
27:13 Ballistics
27:29 Scale Barding Armor
27:34 Forging
28:05 Treadmill Crane
28:47 Chain Barding Armor
29:02 Iron Casting
28:39 Masonry
29:00 Bracer
29:38 Plate Barding Armor
30:05 Chemistry
29:33 Elite Battle Elephant
30:36 Bloodlines
31:19 Iron Casting
32:46 Leather Archer Armor
31:57 Elite Rattan Archer
33:16 Husbandry
NOC | Mr.Dobbsn
9:38 Feudal Age
10:07 Double-Bit Axe
10:02 Domestication
14:30 Wheelbarrow
18:37 Gold Mining
31:26 Castle Age
32:41 Coinage
32:27 Hand Cart
32:23 Bow Saw
32:13 Pastoralism
Titi
10:18 Feudal Age
11:58 Double-Bit Axe
14:28 Castle Age
12:22 Horse Collar
15:33 Bow Saw
15:58 Wheelbarrow
15:26 Heavy Plow
20:08 Hand Cart
21:15 Town Watch
22:39 Loom
25:00 Scale Barding Armor
25:22 Bloodlines
25:13 Husbandry
25:02 Light Cavalry
26:07 Chain Barding Armor
25:56 Light Cavalry
26:49 Forging
29:15 Fletching
30:28 Iron Casting
29:53 Scale Mail Armor
solo rankeding
4:00 Loom
10:19 Feudal Age
10:31 Feudal Age
11:29 Double-Bit Axe
11:26 Horse Collar
14:19 Castle Age
12:30 Horse Collar
15:15 Bow Saw
15:06 Heavy Plow
18:30 Wheelbarrow
20:19 Hand Cart
20:51 Stone Mining
21:31 Gold Mining
25:56 Fletching
28:48 Imperial Age
26:23 Padded Archer Armor
26:48 Loom
26:48 Town Watch
28:16 Ballistics
28:47 Bodkin Arrow
29:08 Leather Archer Armor
28:48 Elite Chu Ko Nu
29:49 Conscription
29:33 Bracer
30:42 Chemistry
31:10 Ring Archer Armor
30:40 Murder Holes
32:19 Scale Mail Armor
32:29 Forging
32:22 Town Patrol
a.l.a.n.t
10:53 Feudal Age
12:20 Horse Collar
15:03 Castle Age
12:53 Double-Bit Axe
16:13 Bow Saw
20:14 Wheelbarrow
20:30 Fervor
23:18 Fletching
23:19 Loom
23:50 Hand Cart
23:51 Heavy Plow
26:23 Gold Mining
29:31 Imperial Age
27:08 Squires
26:29 Man-at-Arms
26:55 Gambesons
27:10 Bodkin Arrow
27:49 Stone Mining
28:47 Ballistics
29:22 Padded Archer Armor
32:42 Chemistry
31:24 Pikeman
32:14 Halberdier
34:17 Scale Mail Armor
34:27 Forging
snek_fan
10:00 Feudal Age
13:48 Castle Age
12:19 Double-Bit Axe
12:40 Horse Collar
19:15 Loom
20:39 Wheelbarrow
20:15 Fletching
21:28 Bodkin Arrow
26:47 Wheelbarrow
27:06 Stone Mining
27:18 Town Watch
Connection lost

Rejoining the realm…

Still unreachable

The connection could not be restored.

Session expired

The server has moved on; the page needs a fresh start.